 Dungeon Crawl Stone Soup version 0.29.0-7-g18a832c13a (webtiles) character file.

Game seed: 11745753351318961488

78 GigaChad the Slasher (level 4, -1/40 HPs)
             Began as a Minotaur Cinder Acolyte on Aug 30, 2022.
             Was a High Priest of Ignis.
             Killed by divine providence
             ... invoked by an orc priest
              (12 damage)
             ... on level 3 of the Dungeon.
             The game lasted 00:04:00 (1276 turns).

GigaChad the Slasher (Minotaur Cinder Acolyte)      Turns: 1276, Time: 00:04:01

Health: -1/40      AC:  8    Str: 18    XL:     4   Next: 15%
Magic:  4/4        EV:  7    Int: 13    God:    Ignis [*****.]
Gold:   61         SH:  0    Dex:  6    Spells: 5/5 levels left

rFire   + . .      SeeInvis .   a - -1 falchion (flame)
rCold   . . .      Faith    .   (no shield)
rNeg    . . .      Spirit   .   e - +0 chain mail
rPois   .          Reflect  .   (helmet restricted)
rElec   .          Harm     .   (no cloak)
rCorr   .          Rampage  .   (no gloves)
Will    .....                   (no boots)
Stlth   ..........              (no amulet)
HPRegen 0.13/turn               (no ring)
MPRegen 0.09/turn               (no ring)

@: no status effects
A: horns 2, retaliatory headbutt
a: Renounce Religion, Fiery Armour, Foxfire Swarm, Rising Flame


You were on level 3 of the Dungeon.
You worshipped Ignis.
Ignis was extremely pleased with you.
You visited 1 branch of the dungeon, and saw 3 of its levels.

You collected 61 gold pieces.

Inventory:

Hand Weapons
 a - a -1 falchion of flaming (weapon)
Armour
 b - a +0 robe
 e - a +0 chain mail (worn)
Scrolls
 c - 3 scrolls of teleportation {unknown}
 d - a scroll of silence {unknown}
 f - 2 scrolls of identify {unknown}
 g - a scroll of brand weapon {unknown}
 k - a scroll of amnesia {unknown}
Potions
 h - a potion of curing {unknown}
 i - a potion of brilliance {unknown}
 j - a potion of attraction {unknown}


   Skills:
 + Level 4.1 Fighting
 + Level 4.9 Long Blades
 + Level 0.5 Armour
 + Level 1.3 Dodging
 + Level 1.0 Spellcasting
 + Level 2.5 Fire Magic


You had 5 spell levels left.
You didn't know any spells.
Your spell library contained the following spells:

 Spells                   Type           Power      Damage    Failure   Level
 Scorch                   Fire           14%        2d5       93%         2
 Apportation              Tloc           0%         N/A       99%         1
 Necrotise                Necr           0%         1d4       99%         1
 Summon Small Mammal      Summ           0%         N/A       99%         1


Dungeon Overview and Level Annotations

Branches:
Dungeon (3/15)

Altars:


Innate Abilities, Weirdness & Mutations

You have a pair of horns on your head.
You reflexively headbutt those who attack you in melee.


Message History

You hit the ball python. You burn the ball python.
You kill the ball python!
You see here a ball python corpse.
You see here a ball python corpse.
You pick up a book of Cantrips and begin reading...
You add the spells Necrotise, Summon Small Mammal and Apportation to your library.
An orc priest comes into view.
It is wielding a +0 whip. 2 orcs come into view.
The orc shouts! x2
The orc moves out of view.
An orc wizard comes into view. It is wielding a +0 dagger.
The orc wizard shouts!
An orc comes into view. It is wielding a +0 short sword.
You hit the orc priest but do no damage.
The orc priest invokes the aid of Beogh against you.
Beogh smites you!
You hit the orc priest. You burn the orc priest.
The orc priest is heavily wounded.
The orc priest hits you with a +0 whip.
You hit the orc priest. You burn the orc priest.
The orc priest is severely wounded.
The orc priest begins to cast a cantrip, but forgets the words!
You hit the orc priest but do no damage.
The orc priest is severely wounded.
The orc priest hits you with a +0 whip. The orc hits you but does no damage.
You hit the orc priest but do no damage.
You headbutt the orc priest.
The orc priest is almost dead.
The orc hits you with a +0 club.
Found a scroll labelled CUBOMYPRAON.
The orc priest hits you but does no damage.
The orc barely misses you. You furiously retaliate!
You headbutt the orc!
You kill the orc!
The orc hits you with a +0 short sword.
The orc priest miscasts a cantrip.
The orc wizard casts a spell at you. The magic dart hits you.
The orc hits you with a +0 short sword.
* * * LOW HITPOINT WARNING * * *
The orc priest calls down the wrath of Beogh upon you.
Beogh smites you!
You die...

#....... ##...
#....#.##### ....
#....#...... #...
#....#...... ####...##
#....#....†.
#?......#.###...........
#.......#...............
#...#...######..........
.......@)o..............
#...#.#..........#......
# #..o##...###........
#..##.#.## ##.......
.o.##.#.## #....†.>
#.###.#.# #....... ...
#.#.# ######.. ### .#.#
#.. #.#


You could see an orc priest, an orc wizard and an orc.

Vanquished Creatures
  3 adders (D:2)
  A worm (D:2)
  2 dart slugs (D:1)
  An orc (D:3)
  3 ball pythons
  2 endoplasms
  2 giant cockroaches
  4 goblins (D:1)
  2 hobgoblins (D:1)
  4 jackals (D:3)
  2 kobolds
  3 quokkas
  5 bats
  6 frilled lizards
  4 rats
44 creatures vanquished.

Notes
Turn   | Place    | Note
-------+----------+-------------------------------------------
     0 | D:1      | GigaChad the Minotaur Cinder Acolyte began the quest for
                  | the Orb.
     0 | D:1      | Reached XP level 1. HP: 19/19 MP: 1/1
    71 | D:1      | Reached XP level 2. HP: 22/27 MP: 2/2
   517 | D:1      | Found a faded altar of an unknown god.
   692 | D:2      | Reached XP level 3. HP: 33/33 MP: 3/3
  1025 | D:2      | Reached skill level 1 in Dodging
  1199 | D:3      | Reached XP level 4. HP: 38/40 MP: 4/4
  1276 | D:3      | Killed from afar by an orc priest

Illustrated notes

Levels and vault maps discovered:
D:1:      dpeg_arrival_erosion, layout_basic,
          shapermc_ecumenical_altar_mp_ritualfount
D:2:      layout_loops_cross, uniq_crazy_yiuf_cottage
D:3:      minmay_inner_zag, layout_basic, mainiacjoe_overflow_cross_hatched,
          lemuel_flame_loot_1, uniq_jessica, uniq_natasha, uniq_grinder,
          uniq_robin, uniq_sigmund

Skill      XL: |  1  2  3 |
---------------+----------+-----
Long Blades    | 4 |  4.9
Fighting       | 4 |  4.1
Dodging        | 1 |  1.3
Armour         | |  0.5
Spellcasting   | |  1.0
Fire Magic     | |  2.5

Action                   |  1- 3 |  4- 6 || total
-------------------------+-------+-------++-------
Melee: Falchion          |    94 |    12 ||   106
       Headbutt          |     3 |     1 ||     4
Armor: Robe              |     3 |       ||     3
       Chain mail        |    73 |    12 ||    85
Dodge: Dodged            |    54 |    10 ||    64
